AoeStats
← Pete Rysel

Arabian Desert

509439841Analyzed
1v1 RM · 7d ago on Sep 26, 2026· 29m 37s· 2 players
Game mode
Random Map
Map size
Tiny (2 player)
Population
200
Speed
Normal
Resources
Standard
Victory
Conquest
Starting age
Dark Age
Ending age
Imperial Age
RankedLock teamsTeams togetherTeam positionsShared explorationLock speedFull tech treeHidden civsTurbo modeCheats
Victory
Defeat
🇮🇹 Ethiopians · Italy
841
+16
🇨🇭 Armenians · Switzerland
846
-16
blackbarto
8:15 Loom
10:36 Feudal Age
12:08 Double-Bit Axe
15:59 Fletching
21:41 Horse Collar
27:17 Castle Age
26:54 Scale Barding Armor
26:59 Forging
Pete Rysel
7:11 Loom
9:49 Feudal Age
10:34 Double-Bit Axe
12:22 Man-at-Arms
14:12 Horse Collar
15:44 Scale Mail Armor
22:00 Castle Age
26:13 Bow Saw
28:30 Squires
28:27 Fletching
28:01 Elite Skirmisher
Connection lost

Rejoining the realm…

Still unreachable

The connection could not be restored.

Session expired

The server has moved on; the page needs a fresh start.